Map: Ruins of Seras

Players

PengWin - Winner!

  • Race: Zerg Zerg

relmer

  • Race: Protoss Protoss
  • League: Master

Event: DreamHack ZOWIE Open Leipzig

VOD

Have the link to the VOD?

Description

Time

  • Played on: Jan. 22, 2016, 8:19 a.m.
  • Length: 18:35

All games in this series

Show
View Real Time Build Order
Export as new Build Order

PengWin Zerg - Winner!

Build Orders: Hatch First 

Get SALT Encoding   

  12  0:01  Drone  
  13  0:12  Overlord  
  13  0:18  Drone  
  14  0:31  Drone x2  
  17  0:35  Drone  
  17  0:54  Hatchery  
  17  0:56  Drone  
  17  0:59  Drone  
  17  1:02  Extractor  
  17  1:15  Spawning Pool  
  17  1:18  Drone  
  17  1:24  Drone  
  18  1:28  Drone  
  19  1:39  Overlord  
  19  1:55  Drone  
  20  2:03  Metabolic Boost, Queen  
  20  2:06  Queen  
  20  2:08  Zergling x2  
  25  2:16  Zergling x4  
  27  2:24  Zergling x4  
  29  2:37  Hatchery  
  28  2:46  Zergling x6  
  28  2:47  Zergling x2  
  32  3:01  Zergling x6  
  35  3:20  Zergling x2  
  35  3:21  Overlord  
  33  3:34  Zergling x2  
  33  3:35  Zergling x2  
  33  3:38  Overlord x2  
  33  3:51  Zergling x12  
  33  3:53  Queen  
  38  4:04  Drone  
  38  4:05  Drone x4  
  43  4:14  Drone x2  
  42  4:24  Drone x6  
  41  4:32  Spore Crawler  
  41  4:33  Spore Crawler  
  36  4:47  Zergling x2  
  36  4:48  Zergling x12  
  43  4:55  Drone  
  43  4:56  Drone x4  
  48  5:01  Spore Crawler  
  48  5:06  Lair  
  47  5:07  Extractor  
  47  5:13  Extractor  
  47  5:14  Drone x2, Extractor  
  47  5:18  Drone  
  47  5:19  Drone x3  
  50  5:22  Drone x2  
  51  5:37  Drone  
  51  5:38  Drone x5  
  57  5:43  Zergling x8  
  57  5:48  Zergling x4  
  61  5:54  Drone x3  
  61  5:58  Zergling x4  
  61  6:02  Zergling x4  
  61  6:03  Zergling x2  
  56  6:38  Spire  
  53  6:42  Drone x3  
  53  6:43  Zergling x16  
  53  6:44  Zergling x2  
  65  6:51  Overlord  
  65  6:52  Overlord x2  
  65  7:13  Overseer  
  65  7:16  Drone x7  
  65  7:17  Drone x8  
  65  7:19  Extractor  
  65  7:21  Extractor  
  78  7:34  Overlord  
  78  7:35  Overlord x3  
  78  7:39  Overlord x2  
  78  7:50  Corruptor x3  
  81  7:53  Zerg Flyer Weapons Level 1  
  81  7:58  Corruptor x2  
  79  7:59  Corruptor  
  79  8:03  Corruptor  
  87  8:16  Corruptor x3  
  89  8:40  Overlord x3  
  87  9:00  Drone x3  
  87  9:01  Drone x6  
  95  9:21  Hatchery, Mutalisk x5  
  95  9:23  Overlord x2  
  102  9:35  Mutalisk x2  
  89  9:48  Mutalisk  
  89  9:49  Mutalisk x8  
  75  10:10  Mutalisk x3  
  75  10:11  Mutalisk  
  77  10:27  Drone  
  77  10:28  Drone x2  
  74  10:45  Corruptor x2  
  78  10:50  Drone  
  79  11:08  Zergling x14  
  82  11:31  Corruptor x2  
  82  11:45  Zergling x12  
  82  11:46  Zergling x4  
  82  11:56  Mutalisk  
  84  12:10  Drone x2  
  84  12:12  Drone  
  84  12:13  Drone  
  83  12:37  Drone x3  
  83  12:39  Drone x2  
  88  12:56  Mutalisk  
  88  12:57  Mutalisk x2, Queen  
  96  13:00  Mutalisk x2  
  96  13:01  Queen  
  100  13:15  Drone x3  
  100  13:16  Mutalisk  
  105  13:30  Drone  
  105  13:31  Drone  
  104  13:43  Mutalisk x3  
  104  13:47  Drone  
  104  13:48  Drone x2  
  111  14:21  Burrow  
  111  14:28  Mutalisk x2  
  111  14:29  Mutalisk  
  111  14:30  Mutalisk x2  
  111  14:31  Mutalisk  
  92  15:08  Hatchery  
  73  16:33  Overlord  
  73  16:55  Drone  
  73  16:56  Drone x2  
  74  17:21  Drone x2  
  76  17:43  Overlord  
  76  18:22  Drone  
  76  18:23  Drone  
Show
View Real Time Build Order
Export as new Build Order

relmer Protoss 

Build Orders: 1 Gate Expand, Oracle Opening 

Get SALT Encoding   

  12  0:01  Probe (Chrono Boost)  
  13  0:11  Probe (Chrono Boost)  
  14  0:21  Pylon  
  14  0:22  Probe (Chrono Boost)  
  15  0:39  Probe (Chrono Boost)  
  15  0:41  Gateway  
  16  0:47  Assimilator  
  16  0:50  Probe (Chrono Boost)  
  17  1:00  Probe (Chrono Boost)  
  19  1:11  Probe (Chrono Boost)  
  19  1:22  Probe (Chrono Boost)  
  20  1:29  Nexus  
  20  1:36  Cybernetics Core  
  20  1:41  Probe (Chrono Boost)  
  20  1:45  Assimilator  
  21  1:52  Probe (Chrono Boost)  
  22  1:55  Pylon  
  22  2:02  Probe (Chrono Boost)  
  23  2:14  Probe (Chrono Boost)  
  23  2:15  Adept (Chrono Boost), Warp Gate (Chrono Boost)  
  27  2:31  Mothership Core (Chrono Boost)  
  27  2:35  Pylon  
  28  2:39  Adept  
  28  2:41  Probe (Chrono Boost)  
  31  2:50  Probe (Chrono Boost)  
  32  2:51  Probe (Chrono Boost)  
  33  3:01  Probe (Chrono Boost)  
  33  3:02  Probe (Chrono Boost)  
  35  3:05  Stargate  
  35  3:11  Probe (Chrono Boost)  
  35  3:12  Gateway  
  36  3:17  Probe (Chrono Boost)  
  35  3:22  Probe (Chrono Boost), Gateway  
  35  3:24  Gateway  
  36  3:29  Pylon  
  33  3:34  Pylon  
  33  3:39  Pylon  
  31  3:48  Pylon  
  31  3:50  Oracle (Chrono Boost)  
  33  4:00  Pylon  
  30  4:14  Probe (Chrono Boost)  
  30  4:15  Probe (Chrono Boost)  
  31  4:21  Adept x2  
  35  4:25  Probe (Chrono Boost)  
  35  4:26  Probe (Chrono Boost)  
  37  4:34  Pylon  
  37  4:42  Probe x2 (Chrono Boost)  
  39  4:53  Probe x2 (Chrono Boost)  
  41  5:00  Gateway  
  41  5:03  Probe (Chrono Boost)  
  42  5:10  Adept x2  
  46  5:18  Probe (Chrono Boost)  
  50  5:21  Probe (Chrono Boost)  
  50  5:25  Stargate  
  47  5:29  Probe (Chrono Boost)  
  47  5:32  Probe (Chrono Boost)  
  49  5:36  Pylon  
  49  5:37  Sentry  
  49  5:39  Adept  
  54  5:43  Probe (Chrono Boost)  
  54  5:45  Adept  
  54  5:46  Probe (Chrono Boost)  
  57  5:55  Probe (Chrono Boost)  
  58  6:02  Probe (Chrono Boost), Phoenix (Chrono Boost)  
  61  6:05  Assimilator  
  61  6:06  Probe (Chrono Boost)  
  61  6:09  Phoenix (Chrono Boost), Assimilator  
  64  6:16  Probe  
  65  6:19  Probe  
  65  6:22  Pylon  
  66  6:28  Probe  
  66  6:31  Probe  
  62  6:38  Phoenix x2 (Chrono Boost)  
  62  6:41  Probe  
  62  6:43  Probe  
  62  6:45  Twilight Council  
  62  6:48  Gateway  
  62  6:51  Pylon  
  62  6:53  Probe  
  63  6:59  Phoenix (Chrono Boost)  
  63  7:00  Probe, Phoenix (Chrono Boost)  
  67  7:10  Probe  
  67  7:12  Gateway  
  67  7:14  Probe  
  67  7:15  Gateway  
  69  7:20  Phoenix (Chrono Boost)  
  71  7:23  Probe  
  71  7:29  Phoenix (Chrono Boost)  
  74  7:32  Resonating Glaives (Chrono Boost)  
  74  7:37  Probe  
  74  7:42  Probe  
  76  7:49  Phoenix  
  78  8:01  Probe  
  78  8:03  Nexus  
  79  8:06  Pylon  
  79  8:07  Pylon  
  79  8:10  Adept x4  
  86  8:31  Nexus  
  86  8:33  Pylon  
  86  8:34  Pylon  
  86  8:41  Pylon  
  86  8:43  Pylon  
  86  8:44  Pylon  
  86  8:48  Templar Archives  
  84  8:53  Adept x5  
  84  8:54  Adept x2  
  98  9:02  Pylon  
  98  9:07  Templar Archives  
  96  9:14  Adept x3  
  102  9:27  Assimilator  
  96  9:45  High Templar x2  
  96  9:46  High Templar  
  96  9:47  Adept  
  96  9:50  Archon  
  100  10:00  Phoenix  
  100  10:05  Stalker x2  
  106  10:08  Stalker x2  
  100  10:15  Probe  
  100  10:19  Phoenix  
  103  10:22  High Templar  
  101  10:29  Nexus  
  101  10:36  Phoenix  
  91  10:46  Archon  
  91  10:55  Assimilator  
  91  10:56  Phoenix (Chrono Boost)  
  93  10:57  Pylon  
  93  10:58  Pylon, Zealot x2  
  93  10:59  Zealot  
  93  11:00  Zealot  
  101  11:04  Zealot  
  101  11:12  Phoenix (Chrono Boost)  
  101  11:24  Stalker x2  
  102  11:30  Phoenix (Chrono Boost)  
  78  11:57  Stalker x2  
  78  11:58  Stalker x3  
  78  12:00  Probe  
  85  12:04  Pylon  
  70  12:17  Stalker x2  
  74  12:38  Probe  
  71  12:45  High Templar x2  
  71  12:46  Stalker  
  71  12:47  Stalker  
  71  12:49  Archon  
  66  12:56  Zealot x2  
  68  13:00  Forge  
  65  13:12  Stalker  
  65  13:17  Gateway  
  65  13:19  Gateway  
  67  13:21  Gateway  
  67  13:33  Photon Cannon  
  67  13:37  Photon Cannon  
  67  13:40  Photon Cannon  
  67  13:46  Photon Cannon  
  60  14:24  Zealot x3  
  66  15:03  Pylon  
  66  15:27  Pylon  
  58  16:00  Pylon  

Tags
 
Add a new tag
Caveats
  • Supply blocks, unpowered buildings, or Contaminate may cause inaccurate times.
  • Supply counts are checked every 10 seconds.